cohdb
Replays
Latest Replays
All Replays
Popular Replays
Top Player Replays
Match Explorer
How It Works
Community
CoH3 Stats
Reddit
Sign in to upload your games and track your stats! →
Sign in with Steam
Match 41836412
Unlisted
Match 41836412
Overview
Messages
Build Orders
End
Kettenkrad Recon Vehicle
Construct Infanterie Kompanie
MG 42 Machine Gun Team
MG 42 Machine Gun Team
MG 42 Machine Gun Team
Medical Bunker
Construct Panzergrenadier Kompanie
Construct Panzer Kompanie
Selects Mechanized Battlegroup
Selects Raid Package
Stoßtruppen Squad
Stoßtruppen Squad
Selects 8 Rad Armored Car
Selects UNKNOWN (2160084)
Panther Heavy Tank
Panther Heavy Tank
Panzer Officer Quarters
Selects Spotting Scopes
Pioneer Squad
Panther Heavy Tank
Stoßtruppen Squad
Panther Heavy Tank
Selects Wespe Self-propelled Artillery
Selects Zeroing Artillery Barrage
Zeroing Artillery Barrage
Repair Bunker
Pioneer Squad
Panther Heavy Tank
Stoßtruppen Squad
Zeroing Artillery Barrage
Findus
Nashorn101
Misco33
24세 크립토 인생 최후의 드론EMP
YouZAE
늘보늘보
0
0
Comments
sign in to comment!
No comments posted yet!